 Dungeon Crawl Stone Soup version 0.30-a0-585-g93115170b9 (webtiles) character file.

Game seed: 271744581070573859

5368 themarg the Martial Artist (level 10, -10/92 HPs)
             Began as a Gnoll Transmuter on Jan 1, 2023.
             Was an Elder of Nemelex Xobeh.
             Mangled by a komodo dragon (28 damage)
             ... on level 9 of the Dungeon.
             The game lasted 00:27:01 (7347 turns).

themarg the Martial Artist (Gnoll Transmuter)       Turns: 7347, Time: 00:27:02

Health: -10/92     AC: 11    Str:  9    XL:     10   Next: 65%
Magic:  18/21      EV: 12    Int: 17    God:    Nemelex Xobeh [****..]
Gold:   96         SH:  5    Dex: 13    Spells: 14/24 levels left

rFire   x . .      SeeInvis .      - Unarmed
rCold   + + +      Faith    .    (shield currently unavailable)
rNeg    . . .      Spirit   .    (body armour currently unavailable)
rPois   +          Reflect  +    (helmet currently unavailable)
rElec   .          Harm     .    (cloak currently unavailable)
rCorr   .          Rampage  .    (gloves currently unavailable)
Will    .....                    (boots currently unavailable)
Stlth   +++                      I - amulet of reflection
HPRegen 0.35/turn                F - +4 ring of protection
MPRegen 0.17/turn                N - ring of flight

@: ice-form, flying
A: freezing attack, amphibious, boosted hp, large, (fangs 1), strong nose,
distributed training
a: End Transformation, Renounce Religion, Draw Escape, Draw Destruction, Draw
Summoning, Triple Draw, Deal Four


You were on level 9 of the Dungeon.
You worshipped Nemelex Xobeh.
Nemelex Xobeh was greatly pleased with you.
You were a creature of crystalline ice.
You visited 1 branch of the dungeon, and saw 9 of its levels.
You also visited: Sewer.

You collected 387 gold pieces.
You spent 291 gold pieces at shops.

Inventory:

Hand Weapons
 D - a +0 rapier (melded)
 K - a +0 short sword of flaming
Missiles
 c - 85 stones
 m - 44 poisoned darts
 M - 2 curare-tipped darts
Armour
 d - a +0 buckler
 x - a +2 pair of gloves (melded)
 E - a +0 cloak (melded)
 G - a +0 pair of boots (melded)
 J - the +1 robe of Fanaticism (melded) {Will+ Regen+}
   (You bought it in a shop on level 2 of the Dungeon)

   Regen:     It increases your rate of health regeneration.
   Will:      It increases your willpower.
Magical Staves
 y - a staff of fire
Jewellery
 F - a +4 ring of protection (left front paw)
 I - an amulet of reflection (around neck)
 N - a ring of flight (right front paw)
Wands
 l - a wand of paralysis (8)
 C - a wand of polymorph (2)
 L - a wand of flame (20)
 O - a wand of roots (7)
Scrolls
 f - 4 scrolls of amnesia
 g - a scroll of magic mapping {unknown}
 h - 2 scrolls of vulnerability
 i - 6 scrolls of teleportation
 k - 3 scrolls of poison
 p - 2 scrolls of blinking
 r - 4 scrolls of enchant weapon
 v - a scroll of fear {unknown}
 B - 3 scrolls of immolation
 H - a scroll of noise {unknown}
Potions
 a - a potion of berserk rage {unknown}
 b - 5 potions of lignification
 e - 3 potions of haste
 j - 3 potions of curing
 n - a potion of brilliance {unknown}
 o - a potion of resistance {unknown}
 q - 2 potions of magic
 s - 3 potions of invisibility
 t - 2 potions of mutation
 u - 4 potions of heal wounds
 w - a potion of cancellation {unknown}
 z - a potion of might {unknown}
 A - 2 potions of attraction
 P - a potion of ambrosia {unknown}


   Skills:
 + Level 6.3 Fighting
 + Level 5.7 Short Blades
 + Level 5.7 Long Blades
 + Level 5.7 Axes
 + Level 5.7 Maces & Flails
 + Level 5.7 Polearms
 + Level 5.7 Staves
 + Level 5.7 Ranged Weapons
 + Level 5.7 Throwing
 + Level 5.7 Armour
 + Level 7.4 Dodging
 + Level 5.7 Stealth
 + Level 5.7 Shields
 + Level 8.8 Unarmed Combat
 + Level 7.7 Spellcasting
 + Level 4.7 Conjurations
 + Level 4.7 Hexes
 + Level 4.7 Summonings
 + Level 4.7 Necromancy
 + Level 4.7 Translocations
 + Level 6.1 Transmutations
 + Level 4.7 Fire Magic
 + Level 4.7 Ice Magic
 + Level 4.7 Air Magic
 + Level 4.7 Earth Magic
 + Level 4.7 Poison Magic
 + Level 6.2 Invocations
 + Level 5.7 Evocations


You had 14 spell levels left.
You knew the following spells:

 Your Spells              Type           Power      Damage    Failure   Level
a - Beastly Appendage     Tmut           54%        N/A       1%          1
b - Wereblood             Tmut           27%        N/A       1%          2
c - Spider Form           Tmut/Pois      25%        N/A       3%          3
d - Ice Form              Ice/Tmut       25%        N/A       12%         4

Your spell library contained the following spells:

 Spells                   Type           Power      Damage    Failure   Level
 Shock                    Conj/Air       88%        1d8       1%          1
 Slow                     Hex            88%        N/A       1%          1
 Passwall                 Tmut/Erth      20%        N/A       1%          2
 Ensorcelled Hibernation  Hex/Ice        44%        N/A       2%          2
 Sublimation of Blood     Necr           22%        N/A       2%          2
 Confusing Touch          Hex            22%        N/A       4%          3
 Ozocubu's Armour         Ice            22%        N/A       4%          3
 Swiftness                Air            22%        N/A       4%          3
 Vampiric Draining        Necr           22%        2d7       4%          3
 Petrify                  Tmut/Erth      25%        N/A       12%         4
 Airstrike                Air            11%        2d(2-18)  16%         4
 Irradiate                Conj/Tmut      12%        3d15      32%         5
 Metabolic Englaciation   Hex/Ice        11%        N/A       41%         5
 Summon Forest            Summ/Tloc      11%        N/A       41%         5
 Eringya's Noxious Bog    Tmut/Pois      12%        N/A       87%         6
 Simulacrum               Ice/Necr       11%        N/A       94%         6
 Summon Hydra             Summ           11%        N/A       100%        7


Dungeon Overview and Level Annotations

Branches:
Dungeon (9/15)             Temple (0/1) D:4           Sewer (visited)
   Lair: D:8-11         Orc: D:9-12

Altars:
Ashenzari
Cheibriados
Gozag
Makhleb
Nemelex Xobeh
Sif Muna
Uskayaw
Vehumet
Wu Jian
Xom
Yredelemnul
Zin

Shops:
D:2 !?[

Annotations:
D:7 Duvessa, Pikel


Innate Abilities, Weirdness & Mutations

You are a creature of crystalline ice.
You have a powerful freezing melee attack.
You are amphibious.
Your maximum health is increased.
Your armour is entirely melded.
You are incapable of wielding weapons or throwing items.
((You have very sharp teeth.))
Your uncanny sense of smell can sniff out nearby items.
Your experience applies equally to all skills.


Message History

You freeze the komodo dragon.
The komodo dragon is moderately wounded.
The black bear bites you but does no damage.
The black bear closely misses you.
The black bear claws you but does no damage.
The komodo dragon bites you!!
The komodo dragon bites you but does no damage.
You hit the komodo dragon but do no damage.
The komodo dragon is moderately wounded.
The black bear bites you but does no damage.
The black bear closely misses you. x2; The komodo dragon barely misses you.
The komodo dragon is no longer moving slowly.
You block the komodo dragon's attack.
You punch the black bear! You freeze the black bear.
The black bear is severely wounded.
The komodo dragon misses you. You block the black bear's attack.
The black bear claws you but does no damage.
You block the black bear's attack.
You hit the black bear. You freeze the black bear.
The black bear is severely wounded.
A bullfrog comes into view.
The komodo dragon bites you but does no damage.
The black bear goes berserk!
The komodo dragon bites you but does no damage.
The bullfrog croaks.
You punch the black bear! You freeze the black bear.
You kill the black bear!
You hear an angry hiss.
The komodo dragon barely misses you.
You barely miss the komodo dragon.
The komodo dragon is heavily wounded.
The komodo dragon bites you!
* * * LOW HITPOINT WARNING * * *
The komodo dragon bites you.
* * * LOW HITPOINT WARNING * * *
You hit the komodo dragon but do no damage.
The komodo dragon is heavily wounded.
The komodo dragon barely misses you. The komodo dragon bites you!!
You die...
Your body glows with a rainbow of weird colours and disappears.

.PP...........+......####
P.PP.P.P.......#..........
P.P...P.P.>....'..........
PP..PPP........#..........
.PPP.PP........#..........
P.....PP.......#....######
..PP...........#....#.....
.PPP...Pl#######....#.....
..P......Y..........#.....
P...P...l...........##....
....P................#....
......F............).#....
...................).#....
.....................###..
....###................#..
!### #................#..
##+##......#..


You could see 2 komodo dragons and a bullfrog.

Vanquished Creatures
  Joseph (D:7)
  Maggie (D:7)
  Sigmund (D:2)
  6 yaks (D:9)
  2 steam dragons (D:8)
  Edmund (D:6)
  A water moccasin (D:8)
  An ice beast (D:6)
  4 black bears
  A sky beast (D:5)
  2 centaurs
  An ogre (D:5)
  2 phantoms
  7 kobold brigands
  4 bullfrogs
  A necrophage (D:7)
  A gnoll sergeant (D:7)
  8 wights
  2 scorpions (D:6)
  A howler monkey (D:8)
  4 crimson imps (D:7)
  2 jellies
  Crazy Yiuf (D:6)
  2 hounds (D:5)
  9 iguanas
  4 orc wizards (D:8)
  4 gnolls (D:5)
  6 adders
  4 river rats (Sewer)
  A white imp (D:6)
  3 ufetubi
  A worm (D:4)
  8 orcs
  9 endoplasms
  2 giant cockroaches (D:4)
  2 goblins (D:3)
  12 hobgoblins
  4 quokkas
  7 ball pythons
  8 bats
  3 frilled lizards
  42 kobolds
  26 rats
212 creatures vanquished.

Vanquished Creatures (others)
  13 fungi (D:9)
  20 plants (D:9)
33 creatures vanquished.

Grand Total: 245 creatures vanquished

Notes
Turn   | Place    | Note
-------+----------+-------------------------------------------
     0 | D:1      | themarg the Gnoll Transmuter began the quest for the Orb.
     0 | D:1      | Reached XP level 1. HP: 17/17 MP: 6/6
   188 | D:1      | Reached XP level 2. HP: 23/23 MP: 5/7
   191 | D:1      | Learned a level 2 spell: Wereblood
   675 | D:2      | Found Ehag's Magic Scroll Emporium.
   677 | D:2      | Reached skill level 5 in Spellcasting
   677 | D:2      | Reached XP level 3. HP: 28/28 MP: 6/9
   677 | D:2      | Noticed Sigmund
   794 | D:1      | Learned a level 3 spell: Spider Form
   815 | D:2      | Killed Sigmund
   816 | D:2      | Reached skill level 1 in Short Blades
   816 | D:2      | Reached skill level 1 in Long Blades
   816 | D:2      | Reached skill level 1 in Axes
   816 | D:2      | Reached skill level 1 in Maces & Flails
   816 | D:2      | Reached skill level 1 in Polearms
   816 | D:2      | Reached skill level 1 in Staves
   816 | D:2      | Reached skill level 1 in Ranged Weapons
   816 | D:2      | Reached skill level 1 in Throwing
   816 | D:2      | Reached skill level 1 in Armour
   816 | D:2      | Reached skill level 1 in Stealth
   816 | D:2      | Reached skill level 1 in Shields
   816 | D:2      | Reached skill level 1 in Conjurations
   816 | D:2      | Reached skill level 1 in Hexes
   816 | D:2      | Reached skill level 1 in Summonings
   816 | D:2      | Reached skill level 1 in Necromancy
   816 | D:2      | Reached skill level 1 in Translocations
   816 | D:2      | Reached skill level 1 in Fire Magic
   816 | D:2      | Reached skill level 1 in Ice Magic
   816 | D:2      | Reached skill level 1 in Air Magic
   816 | D:2      | Reached skill level 1 in Earth Magic
   816 | D:2      | Reached skill level 1 in Poison Magic
   816 | D:2      | Reached skill level 1 in Invocations
   816 | D:2      | Reached skill level 1 in Evocations
   816 | D:2      | Reached XP level 4. HP: 10/35 MP: 7/11
   816 | D:2      | Reached XP level 5. HP: 12/41 MP: 7/12
   988 | D:2      | Bought a scroll of teleportation for 39 gold pieces
  1024 | D:2      | Found Bopoy's Distillery.
  1051 | D:2      | Bought a potion of curing for 30 gold pieces
  1326 | D:2      | Found Xivisisy's Antique Armour Boutique.
  1468 | D:3      | Found a glowing drain.
  1472 | Sewer    | Entered a sewer
  1544 | Sewer    | Noticed a kobold brigand
  1552 | Sewer    | Killed a kobold brigand
  1553 | Sewer    | Reached skill level 5 in Dodging
  1553 | Sewer    | Reached XP level 6. HP: 40/47 MP: 8/14
  1898 | Sewer    | Reached skill level 7 in Unarmed Combat
  1898 | Sewer    | Reached XP level 7. HP: 19/52 MP: 7/15
  2132 | D:3      | Found a faded altar of an unknown god.
  2140 | D:3      | Prayed at the altar of an unknown god.
  2140 | D:3      | Became a worshipper of Nemelex Xobeh the Trickster
  2140 | D:3      | Reached * piety under Nemelex Xobeh
  2264 | D:3      | Found a basalt altar of Yredelemnul.
  2329 | D:3      | Found a hide-covered altar of Uskayaw.
  2387 | D:3      | Found a snail-covered altar of Cheibriados.
  2549 | D:3      | Found an ornate altar of the Wu Jian Council.
  2830 | D:4      | Reached ** piety under Nemelex Xobeh
  2830 | D:4      | Received a gift from Nemelex Xobeh
  2896 | D:4      | Found a staircase to the Ecumenical Temple.
  3668 | D:5      | Entered Level 5 of the Dungeon
  3723 | D:5      | Found a sparkling altar of Nemelex Xobeh.
  4025 | D:5      | Reached XP level 8. HP: 46/60 MP: 10/16
  4662 | D:2      | Bought a distressingly furry robe for 125 gold pieces
  4662 | D:2      | Identified the +1 robe of Fanaticism {Will+ Regen+} (You
                  | bought it in a shop on level 2 of the Dungeon)
  4717 | D:6      | Found a shimmering blue altar of Sif Muna.
  4868 | D:6      | Found a runed translucent door.
  4869 | D:6      | Noticed Crazy Yiuf
  4871 | D:6      | Noticed Edmund
  4895 | D:6      | Found a broken altar of Ashenzari.
  4963 | D:6      | Reached skill level 5 in Transmutations
  4980 | D:6      | Reached XP level 9. HP: 63/66 MP: 18/18
  5051 | D:6      | Received a gift from Nemelex Xobeh
  5188 | D:6      | Learned a level 4 spell: Ice Form
  5323 | D:6      | Reached *** piety under Nemelex Xobeh
  5441 | D:6      | Killed Crazy Yiuf
  5442 | D:6      | Reached skill level 5 in Fighting
  5449 | D:6      | Killed Edmund
  5565 | D:2      | Bought a scroll of enchant weapon for 97 gold pieces
  5664 | D:7      | Noticed Duvessa
  5691 | D:7      | Found a burning altar of Makhleb.
  5753 | D:7      | Reached skill level 8 in Unarmed Combat
  5772 | D:7      | Noticed Maggie
  5795 | D:7      | Killed Maggie
  5796 | D:7      | Reached skill level 5 in Invocations
  5906 | D:7      | Found a shimmering altar of Xom.
  5908 | D:7      | Received a gift from Nemelex Xobeh
  6244 | D:7      | Noticed Joseph
  6264 | D:7      | Killed Joseph
  6358 | D:7      | Found a glowing silver altar of Zin.
  6509 | D:7      | Noticed Pikel
  6583 | D:8      | Reached skill level 5 in Short Blades
  6583 | D:8      | Reached skill level 5 in Long Blades
  6583 | D:8      | Reached skill level 5 in Axes
  6583 | D:8      | Reached skill level 5 in Maces & Flails
  6583 | D:8      | Reached skill level 5 in Polearms
  6583 | D:8      | Reached skill level 5 in Staves
  6583 | D:8      | Reached skill level 5 in Ranged Weapons
  6583 | D:8      | Reached skill level 5 in Throwing
  6583 | D:8      | Reached skill level 5 in Armour
  6583 | D:8      | Reached skill level 5 in Stealth
  6583 | D:8      | Reached skill level 5 in Shields
  6583 | D:8      | Reached skill level 5 in Evocations
  6583 | D:8      | Reached XP level 10. HP: 71/76 MP: 17/20
  6605 | D:8      | Found a radiant altar of Vehumet.
  6935 | D:8      | Found an opulent altar of Gozag.
  7223 | D:9      | Received a gift from Nemelex Xobeh
  7233 | D:9      | Reached **** piety under Nemelex Xobeh
  7347 | D:9      | Mangled by a komodo dragon

Illustrated notes

Levels and vault maps discovered:
D:1:      dpeg_arrival_pond, layout_rooms, minivault_27
D:2:      layout_rooms, serial_shops, shop, nicolae_shop_trees, shop_statue,
          uniq_sigmund
D:3:      layout_loops_cross, cheibriados_altar_1, mainiacjoe_overflow_chevrons,
          mainiacjoe_overflow_concentric_impassable,
          mainiacjoe_overflow_boulevard, gup_sewer_entry_bowl,
          hellmonk_ecumenical_altar_run_dry
D:4:      layout_loops_ring, minmay_temple_entry_slanted,
          amcnicky_mini_rare_corridor_liquid, grunt_ministairs_3, minmay_unequal
D:5:      layout_loops_ring, nemelex_spade_bored_becter, grunt_tough_drop
D:6:      layout_cave_pools, lemuel_doored_altar, mainiacjoe_overflow_paths,
          uniq_crazy_yiuf_cottage, uniq_edmund
D:7:      layout_loops_cross, lemuel_round_altar, mainiacjoe_overflow_brackets,
          led_xom_imps, serial_glass, glass_columns_a, glass_columns_c,
          kennysheep_generic_room_10, uniq_maggie, uniq_duvessa, uniq_joseph,
          uniq_pikel
D:8:      layout_rooms, grunt_gozag_breadcrumbs, nicolae_vehumet_radiance
D:9:      layout_irregular_city, overflow_temple_1_default,
          due_lair_maze_entry_diamond, serial_shops, kennysheep_mini

Skill      XL: |  1  2  3  4  5  6  7  8  9 10 |
---------------+-------------------------------+-----
Spellcasting   | 5 6 7 |  7.7
Fighting       | 3 4 5 6 |  6.3
Short Blades   | 1 2 3 5 |  5.7
Long Blades    | 1 2 3 5 |  5.7
Axes           | 1 2 3 5 |  5.7
Maces & Flails | 1 2 3 5 |  5.7
Polearms       | 1 2 3 5 |  5.7
Staves         | 1 2 3 5 |  5.7
Ranged Weapons | 1 2 3 5 |  5.7
Throwing       | 1 2 3 5 |  5.7
Armour         | 1 2 3 5 |  5.7
Stealth        | 1 2 3 5 |  5.7
Shields        | 1 2 3 5 |  5.7
Conjurations   | 1 2 3 4 |  4.7
Hexes          | 1 2 3 4 |  4.7
Summonings     | 1 2 3 4 |  4.7
Necromancy     | 1 2 3 4 |  4.7
Translocations | 1 2 3 4 |  4.7
Transmutations | 4 5 6 |  6.1
Fire Magic     | 1 2 3 4 |  4.7
Ice Magic      | 1 2 3 4 |  4.7
Air Magic      | 1 2 3 4 |  4.7
Earth Magic    | 1 2 3 4 |  4.7
Poison Magic   | 1 2 3 4 |  4.7
Invocations    | 1 2 3 4 5 6 |  6.2
Evocations     | 1 2 3 5 |  5.7
Dodging        | 5 6 7 |  7.4
Unarmed Combat | 7 8 |  8.8

Action                   |  1- 3 |  4- 6 |  7- 9 | 10-12 || total
-------------------------+-------+-------+-------+-------++-------
Melee: Unarmed           |    28 |    96 |   300 |   145 ||   569
       Headbutt          |     6 |     1 |       |       ||     7
       Kick              |     5 |     3 |       |       ||     8
       Quarterstaff      |    20 |    19 |     1 |       ||    40
       Bite              |     1 |       |       |       ||     1
       Rapier            |       |       |     4 |     2 ||     6
       Punch             |       |       |     1 |       ||     1
 Fire: Sling             |    10 |       |       |       ||    10
 Cast: Beastly Appendage |    19 |     4 |       |       ||    23
       Spider Form       |     1 |    15 |    52 |     9 ||    77
       Wereblood         |       |     3 |     6 |     2 ||    11
       Ice Form          |       |       |       |     1 ||     1
Invok: Draw Destruction  |       |       |       |     1 ||     1
  Use: Scroll            |       |       |    10 |     4 ||    14
 Stab: Sleeping          |     1 |     1 |     9 |     3 ||    14
Armor: Robe              |    12 |     4 |     2 |       ||    18
       Skin              |       |     5 |    20 |    13 ||    38
Dodge: Dodged            |    44 |   104 |   231 |   131 ||   510
Block: Other             |       |       |    41 |    40 ||    81
       Reflection        |       |       |     1 |     3 ||     4

Table legend: (Time is in decaauts)
 A = Elapsed time spent in this place.
 B = Non-inter-level travel time spent in this place.
 C = Inter-level travel time spent in this place.
 D = Time resting spent in this place.
 E = Time spent auto-exploring this place.
 F = Levels seen in this place.
 G = Mean time per level.
                   A        B        C        D        E       F      G
               +--------+--------+--------+--------+--------+-----+--------+
         Total |   7303 |   6934 |    369 |    280 |   4807 |  10 |  730.3 |
       Dungeon |   6679 |   6310 |    369 |    136 |   4631 |   9 |  742.1 |
         Sewer |    623 |    623 |      0 |    144 |    176 |   1 |  623.0 |
               +--------+--------+--------+--------+--------+-----+--------+

Top non-repeatable levels by time:
     D:5: 1025 daAuts
     D:4: 962 daAuts
     D:7: 934 daAuts
     D:6: 795 daAuts
     D:2: 773 daAuts
     D:3: 765 daAuts
     D:1: 654 daAuts
   Sewer: 623 daAuts
     D:8: 591 daAuts
     D:9: 177 daAuts
